[Event "Titled Tuesday Blitz July 4 Early 2023"]
[White "Topalov, Aleksandar"]
[Black "Yelisieiev, Yevhenii"]
[WhiteFideId "925659"]
[BlackFideId "14139642"]
[WhiteElo "2375"]
[BlackElo "2529"]
[Result "1/2-1/2"]
[Round "5"]
[TimeControl "180+2"]
[Date "2023.07.04"]
[WhiteClock "0:00:03"]
[BlackClock "0:00:09"]
[Board "151"]

1. b3 d6 2. Bb2 Nf6 3. Bxf6 exf6 4. c4 g6 5. Nc3 Bg7 6. e3 f5 7. Nge2 O-O 8. g3 c6 9. Bg2 Re8 10. O-O Nd7 11. Rb1 a5 12. a3 Nf6 13. Qc2 Qe7 14. b4 axb4 15. axb4 Ne4 16. b5 Bd7 17. bxc6 bxc6 18. Rb7 Nc5 19. Rb6 Reb8 20. Rxb8+ Rxb8 21. Rb1 Qd8 22. d4 Ne6 23. d5 cxd5 24. Nxd5 h5 25. Nef4 Nc5 26. Ne7+ Kh7 27. Nc6 Rxb1+ 28. Qxb1 Qc8 29. Nd4 Ne4 30. Bxe4 fxe4 31. Qxe4 Qxc4 32. Nxh5 Bb5 33. Qb1 Bxd4 34. exd4 Bc6 35. Nf6+ Kg7 36. d5 Bxd5 37. Nxd5 Qxd5 38. Qb2+ Kh7 39. h4 Qf5 40. Kf1 Qd3+ 41. Ke1 Qe4+ 42. Qe2 Qb1+ 43. Qd1 Qe4+ 44. Qe2 Qh1+ 45. Kd2 d5 46. Qd3 Qg2 47. Qe3 Qf1 48. Qf4 Kg8 49. Qb8+ Kg7 50. Qe5+ Kg8 51. Qb8+ Kh7 52. Qf4 f5 53. Qc7+ Kh6 54. Qf4+ Kh7 55. Qc7+ Kh6 56. Qf4+ Kg7 57. Qc7+ Kg8 58. Qd8+ Kh7 59. Qe7+ Kh8 60. Qf8+ Kh7 61. Qf7+ Kh8 62. Qf8+ Kh7 63. Qf7+ Kh6 64. Qf8+ Kh7 1/2-1/2


[Site "https://www.chess.com"]

[Event "Titled Tuesday Blitz July 4 Early 2023"]
[White "Petrova, Irina"]
[Black "Vyatkin, Dmitry"]
[WhiteFideId "14124122"]
[BlackFideId "4171900"]
[WhiteElo "2363"]
[BlackElo "2525"]
[Result "0-1"]
[Round "5"]
[TimeControl "180+2"]
[Date "2023.07.04"]
[WhiteClock "0:00:13"]
[BlackClock "0:00:05"]
[Board "152"]

1. e4 e6 2. d4 d5 3. Nc3 Nf6 4. Bg5 Be7 5. e5 Nfd7 6. Bxe7 Qxe7 7. f4 a6 8. Nf3 c5 9. Qd2 Nc6 10. dxc5 Qxc5 11. Qf2 b5 12. Bd3 Bb7 13. Qxc5 Nxc5 14. Ne2 Ke7 15. Ned4 Rac8 16. Nxc6+ Bxc6 17. Nd4 f6 18. O-O Na4 19. Rae1 Bd7 20. b3 Nc5 21. f5 fxe5 22. Rxe5 Kd6 23. Rfe1 Nxd3 24. cxd3 exf5 25. Nxf5+ Bxf5 26. Rxf5 Rhf8 27. Rxf8 Rxf8 28. d4 b4 29. g3 Rc8 30. Re2 Rc3 31. Kf2 Rd3 32. Re8 Rxd4 33. Ke3 Rd1 34. Ra8 g5 35. Rxa6+ Ke5 36. Rb6 d4+ 37. Ke2 Ra1 38. Rxb4 Rxa2+ 39. Kd3 Rxh2 40. Rb5+ Kf6 41. Kxd4 Rg2 42. Rb7 h5 43. b4 Rxg3 44. b5 Rb3 45. b6 Kf5 46. Rb8 h4 47. b7 Kg4 48. Ke5 h3 49. Kf6 Rb6+ 50. Ke5 h2 51. Rh8 Kg3 52. Kf5 g4 53. b8=Q+ Rxb8 54. Rxb8 h1=Q 55. Rb3+ Kh4 56. Rb4 Qf3+ 57. Rf4 Qxf4+ 58. Kxf4 g3 0-1


[Site "https://www.chess.com"]

[Event "Titled Tuesday Blitz July 4 Early 2023"]
[White "Todorovic, Bojan"]
[Black "Shuvalov, Evgenij"]
[WhiteFideId "917087"]
[BlackFideId "4187237"]
[WhiteElo "2350"]
[BlackElo "2521"]
[Result "1-0"]
[Round "5"]
[TimeControl "180+2"]
[Date "2023.07.04"]
[WhiteClock "0:00:21"]
[BlackClock "0:00:00"]
[Board "153"]

1. d4 Nf6 2. c4 c5 3. d5 b5 4. cxb5 a6 5. e3 Bb7 6. Nc3 Qa5 7. Bd2 axb5 8. Bxb5 Qb6 9. a4 Nxd5 10. Nxd5 Bxd5 11. Nf3 e6 12. Bc3 Be7 13. Bxg7 Rg8 14. Be5 Rxg2 15. Bg3 Qb7 16. Be2 Nc6 17. Kf1 Rxg3 18. hxg3 O-O-O 19. Rxh7 f5 20. Bb5 Bf6 21. Nd2 Ne5 22. Qc2 Qb6 23. e4 fxe4 24. Nxe4 Rf8 25. Qxc5+ Qxc5 26. Nxc5 d6 27. Nd7 Nxd7 28. Rxd7 Bc4+ 29. Bxc4 Kxd7 30. Re1 d5 31. Bb5+ Kd6 32. b3 Bd4 33. Re2 e5 34. Rd2 Kc5 35. Bd3 e4 36. Bc2 e3 37. Re2 exf2 38. g4 Rh8 39. Kg2 Rh2+ 40. Kxh2 f1=Q 41. Bd3 1-0


[Site "https://www.chess.com"]

[Event "Titled Tuesday Blitz July 4 Early 2023"]
[White "Rian, Kapriaga"]
[Black "Gogolev, Artem"]
[WhiteFideId "7103263"]
[BlackFideId "4116615"]
[WhiteElo "2347"]
[BlackElo "2510"]
[Result "1-0"]
[Round "5"]
[TimeControl "180+2"]
[Date "2023.07.04"]
[WhiteClock "0:00:10"]
[BlackClock "0:00:00"]
[Board "154"]

1. d4 d5 2. Nf3 Nf6 3. Bf4 c5 4. e3 Nc6 5. Nbd2 cxd4 6. exd4 Bg4 7. c3 e6 8. Bb5 Bd6 9. Bg3 O-O 10. O-O Bxg3 11. hxg3 Qc7 12. Re1 a6 13. Bd3 b5 14. Qb1 b4 15. Ne5 Bh5 16. Nb3 bxc3 17. bxc3 Rab8 18. Qc1 Nxe5 19. dxe5 Nd7 20. Bxa6 Bg6 21. Qe3 Rb6 22. Bf1 Rc6 23. Rac1 Rc8 24. Bb5 d4 25. Nxd4 Rc5 26. Bxd7 Qxd7 27. Nb3 Rc4 28. Red1 Qa4 29. Rd4 Qxa2 30. Rxc4 Rxc4 31. Qb6 h6 32. Nd4 Qd2 33. Ra1 Qxc3 34. Ra8+ Kh7 35. Qd8 Be4 36. Ne2 Qe1+ 37. Kh2 Qxf2 38. Nf4 1-0


[Site "https://www.chess.com"]

[Event "Titled Tuesday Blitz July 4 Early 2023"]
[White "Lehtosaari, Mauri"]
[Black "Mikhaylova, Irina"]
[WhiteFideId "501999"]
[BlackFideId "4109040"]
[WhiteElo "2509"]
[BlackElo "2332"]
[Result "1-0"]
[Round "5"]
[TimeControl "180+2"]
[Date "2023.07.04"]
[WhiteClock "0:00:13"]
[BlackClock "0:00:15"]
[Board "155"]

1. d4 Nf6 2. Nf3 g6 3. Bg5 Bg7 4. Nbd2 d5 5. e3 c5 6. c3 Qb6 7. Qb3 Qxb3 8. axb3 cxd4 9. exd4 O-O 10. Bd3 Nc6 11. O-O a6 12. b4 Bf5 13. Bxf5 gxf5 14. Nb3 Ne4 15. Bf4 Rad8 16. Rfe1 f6 17. Nc5 Nxc5 18. bxc5 Kf7 19. h3 Rfe8 20. Red1 e5 21. Be3 f4 22. Bc1 Ne7 23. Rb1 Nf5 24. b4 e4 25. Nh2 e3 26. f3 Ng3 27. Re1 f5 28. Nf1 Nxf1 29. Kxf1 h5 30. Ke2 Rb8 31. b5 a5 32. Ba3 Bf8 33. b6 Ke6 34. Rb5 Kd7 35. Rxa5 Ra8 36. Bb4 Rxa5 37. Bxa5 Ra8 38. Ra1 Kc6 39. Ra3 Be7 40. Bb4 Rxa3 41. Bxa3 Kb5 42. Kd3 Bh4 43. Bb4 Bg5 44. Ba3 Bh4 45. Bb2 Bg5 46. Bc1 Bh4 47. Bxe3 fxe3 48. Kxe3 Bg5+ 49. f4 Bf6 50. Kf3 h4 51. g4 hxg3 52. Kxg3 Kc6 53. h4 Bg7 54. h5 Bf6 55. h6 Kd7 56. h7 Kc6 57. Kh3 Kb5 58. h8=Q Bxh8 59. Kh4 Bf6+ 60. Kh5 Be7 61. Kg6 Bxc5 62. dxc5 Kxc5 63. Kxf5 Kc4 64. Ke5 Kxc3 65. Kxd5 Kb4 66. Kd6 Ka5 67. Kc7 Ka6 68. f5 Kb5 69. f6 1-0


[Site "https://www.chess.com"]

[Event "Titled Tuesday Blitz July 4 Early 2023"]
[White "Devaev, Alexander"]
[Black "Vasques, Antonio Pedro Freixial"]
[WhiteFideId "4169395"]
[BlackFideId "1908332"]
[WhiteElo "2487"]
[BlackElo "2311"]
[Result "0-1"]
[Round "5"]
[TimeControl "180+2"]
[Date "2023.07.04"]
[WhiteClock "0:00:00"]
[BlackClock "0:00:08"]
[Board "156"]

1. Nf3 Nf6 2. c4 e6 3. Nc3 d5 4. d4 Bb4 5. Qb3 c5 6. a3 Bxc3+ 7. bxc3 O-O 8. e3 Nc6 9. cxd5 exd5 10. dxc5 Ne4 11. Nd4 Nxc5 12. Qc2 Re8 13. Be2 Qg5 14. g3 Bh3 15. f3 h5 16. Kf2 Qf6 17. Re1 h4 18. Rg1 Ne5 19. Ke1 Ne6 20. Qd1 Rac8 21. g4 Rxc3 22. Bd2 Rcc8 23. Nxe6 Qxe6 24. Kf2 Nc4 25. Bxc4 dxc4 26. Qe1 Rcd8 27. Bc3 Rd3 28. Bd4 Qd6 29. Rh1 Rxd4 30. Qc3 Rd2+ 31. Ke1 Rd3 0-1


[Site "https://www.chess.com"]

[Event "Titled Tuesday Blitz July 4 Early 2023"]
[White "Kovacevic, Radmila"]
[Black "Shapiro, Viktor"]
[WhiteFideId "933171"]
[BlackFideId "4175700"]
[WhiteElo "2214"]
[BlackElo "2482"]
[Result "1-0"]
[Round "5"]
[TimeControl "180+2"]
[Date "2023.07.04"]
[WhiteClock "0:01:07"]
[BlackClock "0:01:18"]
[Board "157"]

1. e4 Nf6 2. e5 Nd5 3. Nf3 d6 4. d4 Bg4 5. h3 Bh5 6. Bc4 dxe5 7. dxe5 e6 8. O-O Be7 9. g4 Bg6 10. Qe2 c6 11. Nbd2 Nf4 12. Qe3 Nxh3+ 13. Kg2 Ng5 14. Nxg5 Bxg5 15. f4 Be7 16. f5 exf5 17. gxf5 Bh5 18. f6 Bf8 19. Ne4 Nd7 20. Nd6+ Bxd6 21. fxg7 Bf8 22. gxh8=Q Qh4 23. e6 Qxc4 24. exd7+ Kxd7 25. Qhd4+ Qxd4 26. Qxd4+ Bd6 27. Bf4 1-0


[Site "https://www.chess.com"]

[Event "Titled Tuesday Blitz July 4 Early 2023"]
[White "Flynn, Jacob"]
[Black "Fernandez Hernandez, Gerardo"]
[WhiteFideId "2509393"]
[BlackFideId "2207400"]
[WhiteElo "2464"]
[BlackElo "2210"]
[Result "1-0"]
[Round "5"]
[TimeControl "180+2"]
[Date "2023.07.04"]
[WhiteClock "0:00:38"]
[BlackClock "0:00:00"]
[Board "158"]

1. c4 e5 2. g3 Nc6 3. Bg2 f5 4. d3 Nf6 5. Nf3 Bc5 6. O-O d6 7. Nc3 O-O 8. Nd5 Nxd5 9. cxd5 Nd4 10. Nxd4 Bxd4 11. e3 Bb6 12. b4 a5 13. bxa5 Rxa5 14. a4 Bd7 15. Bd2 Ra7 16. a5 Bc5 17. Rb1 b6 18. axb6 Bxb6 19. Ra1 Qa8 20. Rxa7 Qxa7 21. Qb3 g5 22. Bc3 f4 23. Ra1 Qb8 24. d4 fxe3 25. fxe3 Bxd4 26. Qxb8 Bxe3+ 27. Kh1 Rxb8 28. Be4 h5 29. Kg2 h4 30. gxh4 gxh4 31. Kf3 Bf4 32. Ra7 1-0


[Site "https://www.chess.com"]

[Event "Titled Tuesday Blitz July 4 Early 2023"]
[White "campochess"]
[Black "Fiedorek, Michal"]
[BlackFideId "1199528"]
[WhiteElo "2146"]
[BlackElo "2459"]
[Result "0-1"]
[Round "5"]
[TimeControl "180+2"]
[Date "2023.07.04"]
[WhiteClock "0:00:10"]
[BlackClock "0:01:06"]
[Board "159"]

1. d4 Nf6 2. Bg5 e6 3. e4 h6 4. Bxf6 Qxf6 5. Nf3 d6 6. c4 g5 7. h3 Bg7 8. Nc3 h5 9. e5 dxe5 10. Nxe5 Nc6 11. Nxc6 bxc6 12. Qa4 O-O 13. Rd1 e5 14. d5 e4 15. Be2 Rb8 16. Nxe4 Qxb2 17. Rd2 Bc3 18. Nxc3 Qxc3 19. Qc2 Qxc2 20. Rxc2 Rb1+ 21. Bd1 Bf5 22. Kd2 cxd5 23. cxd5 Bxc2 24. Kxc2 Rfb8 25. Re1 Kg7 26. Re3 R8b2+ 27. Kc3 Rxf2 28. Bxh5 Rc1+ 29. Kd4 Rxg2 30. Re7 Rd2+ 31. Ke3 Re1+ 32. Kxd2 Rxe7 33. Kd3 f5 34. Kd4 Kf6 35. Bd1 Re1 36. Bc2 f4 37. Bd3 f3 0-1


[Site "https://www.chess.com"]

[Event "Titled Tuesday Blitz July 4 Early 2023"]
[White "Avazkhonov, Alikhon"]
[Black "Gyulamiryan-koryun"]
[WhiteFideId "14208504"]
[WhiteElo "2424"]
[BlackElo "1686"]
[Result "1-0"]
[Round "5"]
[TimeControl "180+2"]
[Date "2023.07.04"]
[WhiteClock "0:02:18"]
[BlackClock "0:00:17"]
[Board "160"]

1. d4 Nf6 2. c4 d5 3. cxd5 Nxd5 4. e4 Nb6 5. Nf3 g6 6. Nc3 Bg7 7. Be3 O-O 8. Qd2 Bg4 9. Ne5 Bxe5 10. dxe5 Qxd2+ 11. Bxd2 Nc6 12. h3 Be6 13. f4 Bc4 14. b3 Bxf1 15. Kxf1 Rfd8 16. Rd1 Rd3 17. Ke2 Rad8 18. Nd5 Rd4 19. Be3 Rxd1 20. Rxd1 Rd7 21. Bxb6 axb6 22. Nf6+ exf6 23. Rxd7 fxe5 24. fxe5 Nxe5 25. Rxc7 Nc6 26. Rxb7 Nb4 27. Kd2 Nc6 28. Rxb6 1-0


[Site "https://www.chess.com"]

[Event "Titled Tuesday Blitz July 4 Early 2023"]
[White "Kukreja Sankalp"]
[Black "realmadridfc123"]
[WhiteFideId "45027676"]
[WhiteElo "2349"]
[BlackElo "2739"]
[Result "1-0"]
[Round "5"]
[TimeControl "180+2"]
[Date "2023.07.04"]
[WhiteClock "0:00:18"]
[BlackClock "0:00:02"]
[Board "161"]

1. e4 e5 2. Nf3 Nc6 3. Bc4 Bc5 4. c3 Nf6 5. d3 d6 6. O-O O-O 7. h3 h6 8. Nbd2 a6 9. Bb3 Re8 10. Re1 Be6 11. Nf1 d5 12. exd5 Nxd5 13. Ng3 Bb6 14. Ba4 Nf4 15. Bxf4 exf4 16. Nh5 Qd6 17. d4 Rad8 18. Qd2 Bd5 19. Qxf4 Qxf4 20. Nxf4 Bxf3 21. gxf3 Rxe1+ 22. Rxe1 Na5 23. Re7 Nc4 24. Bb3 Kf8 25. Re2 Nd6 26. Nd5 Ba5 27. Bc2 c6 28. Ne3 Bc7 29. Bd3 g6 30. Nc4 Nc8 31. a4 Ne7 32. Ne5 Nd5 33. Re4 Kg7 34. Bc4 f5 35. Re1 Nf4 36. Nxc6 Nxh3+ 37. Kf1 Rd7 38. Ne5 Bxe5 39. Rxe5 Ng5 40. Kg2 h5 41. f4 Ne4 42. f3 Nd2 43. Bd5 Rc7 44. Kf2 h4 45. Kg2 Kf6 46. Kh3 Nc4 47. Re6+ Kg7 48. Kxh4 Nxb2 49. Kg5 Nxa4 50. Rxg6+ Kf8 51. Kf6 Rc6+ 52. Bxc6 bxc6 53. Kxf5 Nxc3 54. Rxc6 Nb5 55. Rxa6 Nxd4+ 56. Kf6 Ke8 57. Ra8+ Kd7 58. f5 Nxf3 59. Kg7 Nd4 60. f6 Ne6+ 61. Kg8 1-0


[Site "https://www.chess.com"]

[Event "Titled Tuesday Blitz July 4 Early 2023"]
[White "Shuvalova, Polina"]
[Black "Nithyalakshmi, Sivanesan"]
[WhiteFideId "24171760"]
[BlackFideId "5706955"]
[WhiteElo "2701"]
[BlackElo "2345"]
[Result "0-1"]
[Round "5"]
[TimeControl "180+2"]
[Date "2023.07.04"]
[WhiteClock "0:00:07"]
[BlackClock "0:00:04"]
[Board "162"]

1. Nf3 Nf6 2. d4 c5 3. d5 d6 4. c4 b5 5. cxb5 a6 6. bxa6 Bxa6 7. Nc3 g6 8. e4 Bxf1 9. Kxf1 Bg7 10. g3 O-O 11. Kg2 Nbd7 12. a4 Ra6 13. Re1 Qa8 14. Ra2 Rb8 15. Qe2 Ne8 16. Bg5 f6 17. Be3 Rb3 18. Nd2 Rb7 19. Nc4 Nc7 20. Qd3 Rb3 21. Nd2 Rb4 22. Rea1 Qb7 23. b3 f5 24. f3 Nf6 25. a5 fxe4 26. fxe4 Ng4 27. Bg1 Ne5 28. Qc2 Ra8 29. Ra4 Na6 30. Nc4 Nxc4 31. Rxb4 Nxb4 32. Qc1 Ne5 33. Qc2 Qa6 34. Qd2 Qd3 35. Qxd3 Nexd3 36. a6 Bxc3 37. Ra5 Rxa6 38. Rb5 Ra2+ 39. Kh3 Kf7 40. Be3 Ne5 41. Rb7 Nf3 42. Kg4 Nxh2+ 43. Kh3 Nf3 44. Kg4 h5+ 45. Kf4 Ne5 46. Kg5 Nbd3 47. Kh6 Rg2 48. Bg5 Rxg3 49. Rxe7+ Kf8 50. Re6 Nf7+ 51. Kxg6 Nxg5 52. Kh6 Nxe4 53. Rxe4 h4 54. Rxh4 Bg7+ 55. Kh5 Ne5 56. Re4 Rf3 57. Re1 Rf5+ 58. Kh4 Bf6+ 59. Kg3 Rg5+ 60. Kf2 Rf5+ 61. Ke3 Kf7 62. Rh1 Rg5 63. Rh7+ Rg7 64. Rh5 Rg3+ 65. Ke2 Rxb3 66. Rh7+ Kg6 67. Rc7 Kf5 68. Rc8 Ke4 69. Kd2 Rb2+ 70. Kc3 Rb5 71. Kc2 Nc4 72. Rf8 Rb2+ 73. Kc1 Bd4 74. Rf1 Kd3 75. Rf3+ Ne3 76. Rf4 Rc2+ 77. Kb1 Kc3 78. Rf3 Kd3 79. Rf4 c4 80. Rf1 c3 81. Rd1+ Nxd1 82. Ka1 Rc1+ 83. Ka2 c2 84. Kb3 Rb1+ 85. Ka4 c1=Q 0-1


[Site "https://www.chess.com"]

[Event "Titled Tuesday Blitz July 4 Early 2023"]
[White "TomLiu777"]
[Black "Vlassov, Nikolai"]
[BlackFideId "4103360"]
[WhiteElo "2343"]
[BlackElo "2607"]
[Result "0-1"]
[Round "5"]
[TimeControl "180+2"]
[Date "2023.07.04"]
[WhiteClock "0:00:56"]
[BlackClock "0:00:34"]
[Board "163"]

1. c4 e5 2. Nc3 Nf6 3. Nf3 e4 4. Ng5 c6 5. Ngxe4 Nxe4 6. Nxe4 d5 7. cxd5 cxd5 8. Ng3 h5 9. h4 Bd6 10. d4 Bxg3 11. fxg3 Nc6 12. Bg5 Qb6 13. e3 Qxb2 14. Be2 Qc3+ 15. Kf2 Bf5 16. Bxh5 Nb4 17. Rc1 Nd3+ 18. Kg1 Qxc1 19. Kh2 Qxd1 20. Bxd1 f6 21. Rf1 Be4 22. Ba4+ Ke7 23. Bf4 g5 24. Bc7 b6 25. Kg1 Rac8 26. hxg5 Rxc7 27. gxf6+ Kf7 0-1


[Site "https://www.chess.com"]

[Event "Titled Tuesday Blitz July 4 Early 2023"]
[White "Korpics, Zsolt"]
[Black "Martins, Bruno Andre Leite"]
[WhiteFideId "705241"]
[BlackFideId "1942255"]
[WhiteElo "2343"]
[BlackElo "2605"]
[Result "1-0"]
[Round "5"]
[TimeControl "180+2"]
[Date "2023.07.04"]
[WhiteClock "0:01:56"]
[BlackClock "0:00:00"]
[Board "164"]

1. e4 c5 2. Nf3 Nf6 3. e5 Nd5 4. Nc3 Nxc3 5. dxc3 Nc6 6. Bd3 Qc7 7. Qe2 b6 8. Bf4 Bb7 9. Bg3 e6 10. O-O-O O-O-O 11. Be4 h6 12. h4 1-0


[Site "https://www.chess.com"]

[Event "Titled Tuesday Blitz July 4 Early 2023"]
[White "Burmakin, Vladimir"]
[Black "Rudzinska, Michalina"]
[WhiteFideId "4105109"]
[BlackFideId "1172883"]
[WhiteElo "2605"]
[BlackElo "2335"]
[Result "1-0"]
[Round "5"]
[TimeControl "180+2"]
[Date "2023.07.04"]
[WhiteClock "0:00:33"]
[BlackClock "0:00:47"]
[Board "165"]

1. c4 e5 2. g3 Nc6 3. Bg2 g6 4. Nc3 Bg7 5. e3 Nge7 6. Nge2 O-O 7. d3 d6 8. Rb1 a5 9. a3 Be6 10. b4 axb4 11. axb4 f5 12. b5 Na5 13. O-O c6 14. Bd2 d5 15. bxc6 bxc6 16. cxd5 cxd5 17. Nb5 Nec6 18. Qc2 Qd7 19. Rfc1 Rfc8 20. Qd1 e4 21. dxe4 dxe4 22. Nf4 Bf7 23. Bxa5 Qxd1+ 24. Rxd1 Nxa5 25. Nd6 Rc7 26. Nxf7 Kxf7 27. Bf1 Rac8 28. Rb5 Nc6 29. Bc4+ Ke8 30. Ne6 Re7 31. Rc5 Bc3 32. Rd6 Na7 33. Rxc8+ Nxc8 34. Rd8+ Kf7 35. Rf8# 1-0


[Site "https://www.chess.com"]

[Event "Titled Tuesday Blitz July 4 Early 2023"]
[White "Weishaeutel, Moritz"]
[Black "Toolin, Christopher"]
[WhiteFideId "12967300"]
[BlackFideId "2024543"]
[WhiteElo "2598"]
[BlackElo "2334"]
[Result "0-1"]
[Round "5"]
[TimeControl "180+2"]
[Date "2023.07.04"]
[WhiteClock "0:00:00"]
[BlackClock "0:00:03"]
[Board "166"]

1. e4 c5 2. d4 cxd4 3. c3 Nf6 4. e5 Nd5 5. Nf3 e6 6. cxd4 d6 7. Bc4 Nc6 8. O-O Be7 9. Qe2 O-O 10. Qe4 dxe5 11. dxe5 b6 12. Bd3 g6 13. Bh6 Re8 14. Nc3 Bb7 15. Rfd1 Nxc3 16. bxc3 Qc7 17. Qf4 Rad8 18. Bb5 a6 19. Ng5 Nxe5 20. Bxe8 Rxe8 21. Ne4 f5 22. Ng5 Bd6 23. Qd4 Bc5 24. Qh4 Qc6 25. Qh3 Ng4 26. Bg7 Bxf2+ 27. Kh1 Kxg7 28. Qxh7+ Kf6 29. Nf3 Qxf3 30. Rg1 Qf4 0-1


[Site "https://www.chess.com"]

[Event "Titled Tuesday Blitz July 4 Early 2023"]
[White "Marosi, Levente"]
[Black "Rozhkov, Viacheslav"]
[WhiteFideId "747181"]
[BlackFideId "4181484"]
[WhiteElo "2575"]
[BlackElo "2328"]
[Result "0-1"]
[Round "5"]
[TimeControl "180+2"]
[Date "2023.07.04"]
[WhiteClock "0:00:10"]
[BlackClock "0:00:26"]
[Board "167"]

1. e4 c5 2. Nf3 Nc6 3. d4 cxd4 4. Nxd4 Nf6 5. Nc3 e6 6. Ndb5 Bb4 7. a3 Bxc3+ 8. Nxc3 d5 9. exd5 exd5 10. Bd3 O-O 11. O-O d4 12. Ne2 Bg4 13. h3 Bxe2 14. Qxe2 Re8 15. Qf3 Ne5 16. Qg3 Nxd3 17. Qxd3 Qd5 18. Bd2 Rac8 19. Rfe1 h6 20. Rxe8+ Rxe8 21. Re1 Rxe1+ 22. Bxe1 Qe5 23. Kf1 Nd5 24. Bd2 Nf4 25. Qf3 Nd5 26. a4 g5 27. g3 Nf6 28. Qxb7 Ne4 29. Qc8+ Kg7 30. Bb4 Qf6 31. Be1 Nxg3+ 32. Kg2 Nf5 33. Qc4 Nh4+ 34. Kf1 Nf3 35. Bb4 Qf5 36. Qd3 Qxh3+ 37. Ke2 Ng1+ 38. Kd2 Qg4 39. Bc5 Nf3+ 40. Kc1 Qg1+ 0-1


[Site "https://www.chess.com"]

[Event "Titled Tuesday Blitz July 4 Early 2023"]
[White "Shapiro, Daniel"]
[Black "gueraumasague"]
[WhiteFideId "2001780"]
[WhiteElo "2322"]
[BlackElo "2522"]
[Result "1-0"]
[Round "5"]
[TimeControl "180+2"]
[Date "2023.07.04"]
[WhiteClock "0:00:02"]
[BlackClock "0:00:00"]
[Board "168"]

1. d4 g6 2. e4 Bg7 3. Nc3 c6 4. h3 d5 5. Nf3 Nf6 6. e5 Ne4 7. Bd3 Nxc3 8. bxc3 c5 9. O-O Nc6 10. a4 Qa5 11. Bd2 c4 12. Be2 O-O 13. Nh2 f6 14. exf6 exf6 15. Ng4 Be6 16. Bf3 Bf7 17. Qb1 Rab8 18. Qb5 Rfd8 19. Rfe1 a6 20. Qxa5 Nxa5 21. Nh6+ Kf8 22. Re2 Be8 23. Bf4 Rbc8 24. h4 Bc6 25. Ng4 h5 26. Ne3 Kf7 27. g4 hxg4 28. Bxg4 f5 29. Bf3 Bf6 30. Bg3 Re8 31. h5 Re7 32. Kg2 Rg8 33. hxg6+ Kxg6 34. Rh1 Kf7 35. Kf1 Rge8 36. Bh5+ Kg7 37. Bxe8 Rxe8 38. Bf4 Kf7 39. Nxf5 Rg8 40. Nh6+ Kg6 41. Rg1+ Kh5 42. Nxg8 Bd8 43. Re3 Bd7 44. Reg3 Nc6 45. Rg5+ Kh4 46. Rg7 1-0


[Site "https://www.chess.com"]

[Event "Titled Tuesday Blitz July 4 Early 2023"]
[White "only_strong_moves"]
[Black "Vaglio Munoz, Jaime"]
[BlackFideId "6500145"]
[WhiteElo "2522"]
[BlackElo "2306"]
[Result "1-0"]
[Round "5"]
[TimeControl "180+2"]
[Date "2023.07.04"]
[WhiteClock "0:00:22"]
[BlackClock "0:00:12"]
[Board "169"]

1. d4 c6 2. c4 b5 3. cxb5 cxb5 4. e4 Bb7 5. d5 Nf6 6. Nd2 e6 7. Bxb5 Qa5 8. Bc4 Nxe4 9. Nf3 exd5 10. Bd3 Nc5 11. Bc2 Ba6 12. a3 Ne6 13. g3 Be7 14. Rb1 Nc6 15. b4 Qb5 16. a4 Qb7 17. b5 O-O 18. O-O Qc7 19. bxa6 Qa5 20. Nb3 Qxa6 21. Qxd5 Qxa4 22. Nbd4 Qa6 23. Nf5 Bf6 24. Be3 Rab8 25. Qe4 g6 26. Nh6+ Kg7 27. Ng4 h5 28. Bh6+ Kh7 29. Nxf6+ Kxh6 30. Nxd7 Rxb1 31. Bxb1 Rd8 32. Nde5 Nxe5 33. Nxe5 Rf8 34. Rd1 Kg7 35. Rd7 Qa1 36. Qxg6+ Kh8 37. Qh7# 1-0


[Site "https://www.chess.com"]

[Event "Titled Tuesday Blitz July 4 Early 2023"]
[White "Womacka, Mathias"]
[Black "Acikel, Mert"]
[WhiteFideId "4611390"]
[BlackFideId "12956465"]
[WhiteElo "2512"]
[BlackElo "2308"]
[Result "1-0"]
[Round "5"]
[TimeControl "180+2"]
[Date "2023.07.04"]
[WhiteClock "0:00:56"]
[BlackClock "0:00:56"]
[Board "170"]

1. e4 e5 2. Nf3 Nc6 3. Bb5 a6 4. Bxc6 dxc6 5. O-O Bg4 6. h3 h5 7. d3 Qf6 8. Nbd2 g5 9. Nc4 Bxf3 10. Qxf3 Qxf3 11. gxf3 f6 12. Be3 Ne7 13. Rfd1 Rd8 14. d4 exd4 15. Bxd4 Kf7 16. Be3 Bg7 17. f4 g4 18. hxg4 hxg4 19. f5 b6 20. Bf4 c5 21. Rxd8 Rxd8 22. Bxc7 Rd4 23. b3 b5 24. c3 Rd3 25. Nd6+ Kg8 26. c4 b4 27. Kf1 Nc6 28. Ke2 Ne5 29. Nb7 Rd7 30. Bxe5 Rxb7 31. Bf4 Re7 32. f3 gxf3+ 33. Kxf3 Kf7 34. Rd1 Bf8 35. Rd8 Ra7 36. Bd6 Bxd6 37. Rxd6 Ke7 38. Re6+ Kf7 39. Rc6 Rd7 40. Rxc5 1-0


[Site "https://www.chess.com"]

[Event "Titled Tuesday Blitz July 4 Early 2023"]
[White "Barria Santos, Jose Guilherme"]
[Black "Castillo Sevilla, Ian Eiffel"]
[WhiteFideId "1939300"]
[BlackFideId "6104207"]
[WhiteElo "2507"]
[BlackElo "2304"]
[Result "0-1"]
[Round "5"]
[TimeControl "180+2"]
[Date "2023.07.04"]
[WhiteClock "0:00:00"]
[BlackClock "0:00:45"]
[Board "171"]

1. e4 c5 2. Nf3 g6 3. c4 Bg7 4. d4 cxd4 5. Nxd4 Nc6 6. Be3 d6 7. Nc3 Nf6 8. Be2 O-O 9. O-O Nxd4 10. Bxd4 Be6 11. Qc2 Rc8 12. b3 Qa5 13. Rab1 Nd7 14. Bxg7 Kxg7 15. Rfc1 Qg5 16. Qd1 Rc5 17. Nd5 Bxd5 18. exd5 Rfc8 19. g3 a5 20. b4 axb4 21. Rxb4 b5 22. f4 Qf6 23. Rxb5 Rxb5 24. cxb5 Rxc1 25. Qxc1 Qd4+ 26. Kf1 Qxd5 27. Qb2+ f6 28. Kg1 Qc5+ 29. Kg2 Nb6 0-1


[Site "https://www.chess.com"]

[Event "Titled Tuesday Blitz July 4 Early 2023"]
[White "Sokolov, Andrei"]
[Black "Belov, Alexei"]
[WhiteFideId "11600306"]
[BlackFideId "4128206"]
[WhiteElo "2304"]
[BlackElo "2497"]
[Result "1/2-1/2"]
[Round "5"]
[TimeControl "180+2"]
[Date "2023.07.04"]
[WhiteClock "0:00:03"]
[BlackClock "0:00:20"]
[Board "172"]

1. d4 e6 2. c4 d5 3. g3 Nf6 4. Nf3 Be7 5. Bg2 O-O 6. O-O dxc4 7. Qc2 a6 8. a4 Bd7 9. Ne5 Bc6 10. Nxc6 Nxc6 11. e3 Na5 12. Nd2 c5 13. Nxc4 cxd4 14. Nxa5 Qxa5 15. Bxb7 Rab8 16. Bg2 Rfc8 17. Qd3 dxe3 18. Qxe3 Nd5 19. Bxd5 Qxd5 20. Qe2 a5 21. Be3 Bf6 22. Rab1 Qb3 23. Qd1 Rc2 24. Qd6 g6 25. Qa6 Qxa4 26. Ra1 Qe4 27. Qxa5 Rcxb2 28. Qa4 Qxa4 29. Rxa4 Kg7 30. Ra7 R8b7 31. Rxb7 Rxb7 32. Kg2 h5 33. Rc1 h4 34. Rc4 hxg3 35. hxg3 g5 36. Rg4 Kg6 37. Ra4 Rb2 38. Ra7 Be5 39. Kf3 f5 40. Ra6 Kf6 41. Ra4 Rb3 42. Ke2 g4 43. Bf4 Rb2+ 44. Kf1 Bxf4 45. Rxf4 e5 46. Ra4 Rb6 47. Ra5 Re6 48. Kg2 Kg5 49. Rd5 e4 50. Rb5 Rc6 51. Re5 Rc2 52. Kf1 Kf6 53. Rb5 Rc3 54. Ke2 Rf3 55. Rb6+ Kg5 56. Rb5 e3 57. fxe3 Rxg3 58. e4 Rf3 59. exf5 Rxf5 60. Rxf5+ Kxf5 61. Kf2 Kf4 62. Kg2 Kg5 63. Kg3 Kh5 64. Kg2 Kh4 65. Kh2 g3+ 66. Kg2 Kg4 67. Kf1 Kf3 68. Kg1 Kf4 69. Kg2 Kg4 70. Kg1 Kh3 71. Kh1 Kh4 72. Kg2 Kg4 1/2-1/2


[Site "https://www.chess.com"]

[Event "Titled Tuesday Blitz July 4 Early 2023"]
[White "Legenia, Artem"]
[Black "Yedidia, Daniel"]
[WhiteFideId "14136945"]
[BlackFideId "30905907"]
[WhiteElo "2294"]
[BlackElo "2490"]
[Result "0-1"]
[Round "5"]
[TimeControl "180+2"]
[Date "2023.07.04"]
[WhiteClock "0:00:48"]
[BlackClock "0:00:52"]
[Board "173"]

1. e4 e5 2. Nf3 Nc6 3. d4 exd4 4. Nxd4 Nf6 5. Nxc6 bxc6 6. Nc3 Bb4 7. Bd3 d5 8. exd5 cxd5 9. O-O O-O 10. Bg5 c6 11. Qf3 h6 12. Bxf6 Qxf6 13. Qxf6 gxf6 14. Ne2 Bd6 15. Rad1 Be5 16. b3 a5 17. a4 Rd8 18. Ng3 Be6 19. f4 Bd4+ 20. Kh1 Bg4 21. Be2 Bxe2 22. Nxe2 Bb6 23. Ng3 Re8 24. Nf5 Kh7 25. Rfe1 Re6 26. Rxe6 fxe6 27. Nd4 Bxd4 28. Rxd4 e5 29. fxe5 fxe5 30. Rd1 Kg6 31. Rf1 e4 32. Kg1 d4 33. Rd1 c5 34. Kf2 Kf5 35. Ke2 Ke5 36. Rf1 Rg8 37. g3 h5 38. Rf4 Rg4 39. Rxg4 hxg4 40. Kd2 Kd5 41. c4+ Ke5 42. Ke2 e3 43. Kd3 Kf5 44. Ke2 Ke4 45. Kd1 d3 46. Ke1 Kd4 47. Kd1 Kc3 0-1


[Site "https://www.chess.com"]